 Dungeon Crawl Stone Soup version 0.17-a0-1570-g74b7129 (webtiles) character file.

11301 urechis the Grappler (level 11, -8/115 HPs)
             Began as a Troll Monk on July 23, 2015.
             Mangled by a harpy (11 damage)
             ... summoned by Kirke
             ... on level 12 of the Dungeon.
             The game lasted 00:26:44 (11555 turns).

urechis the Grappler (Troll Monk)                  Turns: 11555, Time: 00:26:45

Health: -8/115     AC: 10    Str: 24    XL:     11   Next: 47%
Magic:  10/10      EV: 18    Int:  6    God:
Gold:   571        SH:  0    Dex: 17    Spells: 0 memorised, 10 levels left

rFire  . . .     SeeInvis +       - Unarmed
rCold  . . .     Clarity  .     H - +2 robe
rNeg   . . .     SustAt   .     (no shield)
rPois  +         Gourm    +     (helmet restricted)
rElec  .         Spirit   .     L - +2 cloak {MR+}
rCorr  .         Warding  .     (gloves unavailable)
rMut   .         Stasis   .     (boots unavailable)
MR     ++...                    (no amulet)
Stlth  +.........               y - ring of poison resistance
                                f - ring of see invisible

@: agile, glowing, very resistant to hostile enchantments, very unstealthy
A: unfitting armour, claws 3, repulsion field 1, blink 1, breathe flames 1, fast
metabolism 3, gourmand, magic resistance 1, regeneration 3, shaggy fur 1, tough
skin 2, wild magic 1
a: Blink, Breathe Fire


You were on level 12 of the Dungeon.
You were full.

You visited 2 branches of the dungeon, and saw 13 of its levels.
You also visited: Sewer.

You collected 635 gold pieces.
You spent 64 gold pieces at shops.

Inventory:

Hand weapons
 a - the +12 blowgun of Senasm {evade, +Fly Dex+2}
   (You found it on level 9 of the Dungeon)

   It affects your evasion (+5 to EV).
   It affects your dexterity (+2).
   It lets you fly.
Missiles
 o - 3 throwing nets
 B - 29 poisoned needles
 F - 4 tomahawks (quivered)
 O - a large rock
Armour
 H - a +2 robe (worn)
 J - a troll hide
 L - a +2 cloak of magic resistance (worn)
Jewellery
 f - a ring of see invisible (left claw)
 y - a ring of poison resistance (right claw)
Magical devices
 h - a wand of invisibility (6)
 K - a wand of teleportation (4)
Scrolls
 g - 3 scrolls of noise {unknown}
 i - 2 scrolls of blinking {unknown}
 k - 4 scrolls of fog
 m - 2 scrolls of random uselessness {unknown}
 n - a scroll of recharging {unknown}
 t - 5 scrolls of remove curse
 w - 4 scrolls of enchant armour {unknown}
 x - 3 scrolls of amnesia {unknown}
 A - 2 scrolls of magic mapping {unknown}
 C - 2 scrolls of fear {unknown}
 D - 9 scrolls of teleportation
 E - 2 scrolls of immolation {unknown}
 M - a scroll of enchant weapon {unknown}
Potions
 c - 2 potions of agility
 d - a potion of ambrosia
 e - a potion of poison {unknown}
 j - 2 potions of cure mutation
 l - 3 potions of brilliance
 q - 5 potions of flight
 r - 2 potions of resistance
 u - 7 potions of curing
 v - 2 potions of lignification
 z - a potion of haste {unknown}
 G - 2 potions of might
Comestibles
 b - 9 bread rations
 p - 9 beef jerkies
 s - 3 meat rations
 I - 2 royal jellies
 N - a slice of pizza
 P - 4 fruits


   Skills:
 + Level 9.1 Fighting
 - Level 2.4 Dodging
 - Level 1.1 Stealth
 * Level 14.9 Unarmed Combat


You had 10 spell levels left.
You didn't know any spells.

Dungeon Overview and Level Annotations

Branches:
Dungeon (12/15)            Temple (1/1) D:7            Lair (0/8) D:9
    Orc (0/4) D:11

Altars:
Ashenzari
Cheibriados
Dithmenos
Elyvilon
Fedhas
Gozag
Kikubaaqudgha
Makhleb
Nemelex Xobeh
Okawaru
Qazlal
Ru
Sif Muna
Trog
Vehumet
Xom
Yredelemnul
Zin
The Shining One

Shops:
D:9 !   D:10 :

Annotations:
D:9 1 runed door
D:12 Kirke


Innate Abilities, Weirdness & Mutations

You are too large for most types of armour.
You have claws for hands.
Your metabolism is lightning-fast.
You like to eat raw meat.
You regenerate.
You are covered in fur (AC +1).
You have very tough skin (AC +2).
You are surrounded by a mild repulsion field (EV +2).
You can translocate small distances at will.
You can breathe flames.
You are resistant to hostile enchantments.
Your spells are a little harder to cast, but a little more powerful.


Message History

* * * LOW HITPOINT WARNING * * *
The harpy barely misses you. The hog bites you!
* * * LOW HITPOINT WARNING * * *
The harpy claws you!
* * * LOW HITPOINT WARNING * * *
The harpy claws you but does no damage.
Drink which item? (? for menu, Esc to quit)
You feel better.
The harpy screeches!
The black bear looks more healthy.
The hog bites you!
* * * LOW HITPOINT WARNING * * *
The harpy barely misses you. The harpy misses you.
Drink which item? (? for menu, Esc to quit)
You feel agile all of a sudden. The harpy closely misses you.
The harpy claws you but does no damage. The hog closely misses you.
The harpy barely misses you. The harpy claws you but does no damage.
The hog bites you but does no damage. The hog closely misses you.
The harpy claws you!
You die...

.# ##..##...........# .#
###.........##.....# .
####...#.....)../.....#
####$#......#....)).###...##
##.?.. #....#[...#..# ..#
...#.###....@....#.)# .#
.......#....#...##.<# #
..(..#...h..#.HH##.†###
##.......@..#.hh@.....#
.(..((.†....#..h.###..#
.#.#..##....#.........## <#
#.. #....########...# ...#
#....# ##..## ...# ######
#...# .### #.### .. #..# ##
##.#


You could see Kirke, 2 harpies, 2 hogs and a black bear.

Vanquished Creatures
  Nergalle (D:10)
  An unseen horror (D:10)
  A cyclops (D:12)
  An ugly thing (D:12)
  A manticore (D:12)
  Maurice (D:10)
  5 trolls
  Grinder (D:4)
  A slime creature (D:11)
  6 yaks
  Sigmund (D:7)
  A hippogriff (D:9)
  A hungry ghost (D:11)
  A wraith (D:12)
  A vampire mosquito (D:11)
  A hog (D:12)
  A wolf (D:9)
  Edmund (D:6)
  Duvessa (D:6)
  A phantom (D:4)
  2 sky beasts
  An ice beast (D:9)
  An eye of draining (D:9)
  6 ogres
  A centaur (D:8)
  2 necrophages
  A wasp (D:12)
  3 orc warriors
  2 big kobolds
  6 giant frogs
  A gnoll sergeant (D:9)
  Dowan (D:6)
  5 scorpions
  An electric eel (D:9)
  15 killer bees
  7 crimson imps
  4 giant frog zombies
  2 centaur zombies
  5 orc priests
  A jelly (D:11)
  3 iguanas
  7 orc wizards
  7 worker ants
  A centaur skeleton (D:9)
  10 hounds
  A hound skeleton (D:9)
  15 gnolls
  16 adders
  2 shadow imps
  4 oozes
  An adder zombie (D:9)
  9 worms
  49 orcs
  2 bat skeletons
  A bat zombie (D:7)
  8 giant cockroaches
  14 hobgoblins
  12 jackals
  4 ball pythons
  A ball python skeleton (D:4)
  19 bats
  6 giant geckos
  A giant gecko skeleton (D:7)
  4 giant newts
  7 goblins
  27 kobolds
  8 quokkas
  A quokka skeleton (D:4)
  16 rats
352 creatures vanquished.

Notes
Turn   | Place    | Note
--------------------------------------------------------------
     0 | D:1      | urechis the Troll Monk began the quest for the Orb.
     0 | D:1      | Reached XP level 1. HP: 22/22 MP: 0/0
   244 | D:1      | Reached XP level 2. HP: 29/29 MP: 1/1
   446 | D:2      | Found a glowing golden altar of the Shining One.
   556 | D:2      | Reached XP level 3. HP: 29/36 MP: 2/2
   599 | D:2      | Reached skill level 5 in Unarmed Combat
   665 | D:2      | Found a shimmering altar of Xom.
   666 | D:2      | Found a shimmering altar of Xom.
   666 | D:2      | Found a shimmering altar of Xom.
   673 | D:2      | Found a shimmering altar of Xom.
   883 | D:2      | Noticed an ogre
   889 | D:2      | Killed an ogre
   889 | D:2      | Reached XP level 4. HP: 23/45 MP: 3/3
   889 | D:2      | Reached XP level 5. HP: 27/53 MP: 4/4
   939 | D:2      | Found a sparkling altar of Nemelex Xobeh.
  1244 | D:3      | Reached skill level 6 in Unarmed Combat
  1297 | D:3      | Found an opulent altar of Gozag.
  1703 | D:3      | Found a glowing drain.
  1709 | Sewer    | Entered a sewer
  1830 | Sewer    | Reached XP level 6. HP: 61/61 MP: 5/5
  2435 | D:4      | Reached skill level 7 in Unarmed Combat
  2611 | D:4      | Noticed Grinder
  2614 | D:4      | Killed Grinder
  2614 | D:4      | Reached XP level 7. HP: 65/71 MP: 6/6
  2659 | D:4      | Reached skill level 8 in Unarmed Combat
  2800 | D:4      | Found a white marble altar of Elyvilon.
  2954 | D:5      | Entered Level 5 of the Dungeon
  2955 | D:5      | Found a sacrificial altar of Ru.
  3205 | D:5      | Found a deep blue altar of Sif Muna.
  3274 | D:5      | Reached XP level 8. HP: 68/79 MP: 7/7
  3576 | D:5      | Found a bloodstained altar of Trog.
  3647 | D:5      | Reached skill level 5 in Fighting
  3647 | D:5      | Reached skill level 9 in Unarmed Combat
  3743 | D:5      | Found an ancient bone altar of Kikubaaqudgha.
  4104 | D:6      | Noticed Edmund
  4116 | D:6      | Killed Edmund
  4313 | D:6      | Noticed Sigmund
  4501 | D:6      | Reached skill level 10 in Unarmed Combat
  4587 | D:6      | Found a deep blue altar of Sif Muna.
  4741 | D:6      | Noticed Duvessa
  4743 | D:6      | Noticed Dowan
  4756 | D:6      | Killed Duvessa
  4765 | D:6      | Killed Dowan
  5276 | D:6      | Reached XP level 9. HP: 89/89 MP: 8/8
  5383 | D:6      | Found a deep blue altar of Sif Muna.
  5997 | D:6      | Found a deep blue altar of Sif Muna.
  6538 | D:6      | Found a deep blue altar of Sif Muna.
  6928 | D:7      | Reached skill level 11 in Unarmed Combat
  6934 | D:7      | Killed Sigmund
  7166 | D:7      | Found a staircase to the Ecumenical Temple.
  7179 | Temple   | Entered the Ecumenical Temple
  7746 | D:8      | Found a basalt altar of Yredelemnul.
  8012 | D:8      | Found a burning altar of Makhleb.
  8205 | D:8      | Reached skill level 12 in Unarmed Combat
  8275 | D:8      | Found a shattered altar of Ashenzari.
  8390 | D:9      | Noticed an angel
  8395 | D:9      | Found a white marble altar of Elyvilon.
  8398 | D:9      | Found a runed door.
  8576 | D:9      | Found Ymaag's Distillery.
  8582 | D:9      | Bought a potion of mutation for 32 gold pieces
  8582 | D:9      | Bought a potion of mutation for 32 gold pieces
  8582 | D:9      | Gained mutation: You can breathe flames. [potion of mutation]
  8582 | D:9      | Gained mutation: You regenerate. [potion of mutation]
  8582 | D:9      | Gained mutation: You are surrounded by a mild repulsion field (EV +2). [potion of mutation]
  8583 | D:9      | Gained mutation: You are resistant to hostile enchantments. [potion of mutation]
  8583 | D:9      | Gained mutation: Your spells are a little harder to cast, but a little more powerful. [potion of mutation]
  8583 | D:9      | Gained mutation: You can translocate small distances at will. [potion of mutation]
  8600 | D:9      | Found a staircase to the Lair.
  8615 | D:9      | Reached XP level 10. HP: 82/102 MP: 9/9
  9134 | D:9      | Got a bloodstained blowgun
  9135 | D:9      | Identified the +12 blowgun of Senasm {evade, +Fly Dex+2} (You found it on level 9 of the Dungeon)
  9288 | D:9      | Found a snail-covered altar of Cheibriados.
  9293 | D:9      | Reached skill level 13 in Unarmed Combat
  9391 | D:10     | Entered Level 10 of the Dungeon
  9405 | D:10     | Found Yriux's Book Boutique.
  9506 | D:10     | Noticed Nergalle
  9551 | D:10     | Killed Nergalle
  9649 | D:10     | Noticed an unseen horror
  9655 | D:10     | Killed an unseen horror
  9771 | D:10     | Noticed Maurice
  9783 | D:10     | Killed Maurice
 10281 | D:11     | Reached skill level 14 in Unarmed Combat
 10371 | D:11     | Reached XP level 11. HP: 113/113 MP: 10/10
 10580 | D:11     | Found a staircase to the Orcish Mines.
 10989 | D:11     | Noticed a four-headed hydra
 11533 | D:12     | Noticed Kirke
 11553 | D:12     | HP: 3/115 [harpy[Kirke] (14)]
 11555 | D:12     | Mangled by a harpy

Vault maps used:
D:1:      scummos_arrival_checkerplants
D:2:      lemuel_crystal_altar, xom_redecorated, nemelex_deck
D:3:      grunt_gozag_statues, portal_sewer_entry_e, first_bread,
          hangedman_decor_clover_reticule
D:4:      lemuel_crystal_altar, minmay_quantized, uniq_grinder
D:5:      kennysheep_mini_moat, nicolae_overflow_hidden_temple,
          hangedman_ru_absence, lemuel_crystal_altar, minmay_misc_feat_chi
D:6:      led_sif_pool, uniq_sigmund, uniq_duvessa, uniq_edmund
D:7:      minmay_temple_entry_statues_fountains, grunt_ogre_cave
D:8:      overflow_temple_1_default, lemuel_crystal_altar, basic_altar,
          minmay_misc_feat_square
D:9:      cheibriados_altar_wand_db, erik_lair_island, serial_shops, shop,
          lemuel_angel_altar
D:10:     serial_shops, nicolae_shop_statue_plus, uniq_nergalle, uniq_maurice
D:11:     orc_0_dummy
D:12:     special_room, uniq_kirke
Temple:   nicolae_temple_figure_zero
Sewer:    sewer_fruit_machine

Action                   |  1- 3 |  4- 6 |  7- 9 | 10-12 || total
-------------------------+-------+-------+-------+-------++-------
Melee: Unarmed           |   107 |   201 |   349 |   325 ||   982
 Fire: Blowgun           |       |       |       |    24 ||    24
Throw: Tomahawk          |       |       |     4 |     1 ||     5
       Throwing net      |       |       |     1 |       ||     1
 Abil: Breathe Fire      |       |       |       |     3 ||     3
  Use: Scroll            |       |     5 |     4 |       ||     9
       Potion            |       |     4 |     4 |     3 ||    11
 Stab: Sleeping          |     5 |     2 |     2 |     2 ||    11
       Distracted        |       |     1 |       |     1 ||     2
  Eat: Chunk             |    10 |    20 |    43 |    30 ||   103
       Fruit             |       |       |     4 |       ||     4
       Pizza             |       |       |     2 |       ||     2
       Royal jelly       |       |       |     1 |       ||     1
